 Dungeon Crawl Stone Soup version 0.29.1-2-gbd0b4ee654 (webtiles) character file.

Game seed: 3519897609481642642

324822 ElMinstaer the Severer (level 21, -5/201 HPs)
             Began as a Hill Orc Fighter on Nov 20, 2022.
             Was the Champion of Beogh.
             Slain by a rockslime (37 damage)
             ... created by the Royal Jelly
             ... on level 5 of the Pits of Slime on Nov 21, 2022.
             The game lasted 05:44:24 (49146 turns).

ElMinstaer the Severer (Hill Orc Fighter)          Turns: 49146, Time: 05:44:24

Health: -5/201     AC: 16    Str: 26    XL:     21   Next: 61%
Magic:  17/34      EV: 10    Int: 10    God:    Beogh [******]
Gold:   2596       SH: 19    Dex: 12    Spells: 28/30 levels left

rFire   . . .      SeeInvis +   a - +6 war axe of Profit {vorpal, Will+ rCorr Dex+6}
rCold   + + .      Faith    .   c - +0 tower shield
rNeg    + . .      Spirit   .   z - +1 plate armour "Pohyjyso" {rC++ rN+}
rPois   .          Reflect  .   u - +0 helmet
rElec   +          Harm     .   r - +0 cloak
rCorr   +          Rampage  .   M - +2 pair of gloves {hurl}
Will    +++..                   H - +0 pair of boots {Fly}
Stlth   ..........              d - amulet of regeneration
HPRegen 0.00/turn               I - ring of Generosity {Contam rElec Will+ Slay+4 SInv, =R}
MPRegen 0.24/turn               j - +4 ring of protection

@: corroded, flying, inhibited regen, studying 2 skills
A: walk on water, clumsy 2, inhibited regeneration, weak 1
}: 2/15 runes: barnacled, gossamer
a: Renounce Religion, Smiting, Recall Orcish Followers, Give Item to Named
Follower, Resurrection


You were on level 5 of the Pits of Slime.
You worshipped Beogh.
Beogh was exalted by your worship.
You visited 7 branches of the dungeon, and saw 38 of its levels.
You also visited: Gauntlet and Ice Cave.

You collected 4001 gold pieces.
You spent 1405 gold pieces at shops.

Inventory:

Hand Weapons
 a - the +6 war axe of Profit (weapon) {vorpal, Will+ rCorr Dex+6}
   (You found it on level 13 of the Dungeon)

   It inflicts extra damage upon your enemies.
   Dex:       It affects your dexterity (+6).
   rCorr:     It protects you from acid and corrosion.
   Will:      It increases your willpower.
Missiles
 b - 37 boomerangs (quivered)
Armour
 c - a +0 tower shield (worn)
 r - a +0 cloak (worn)
 u - a +0 helmet (worn)
 z - the +1 plate armour "Pohyjyso" (worn) {rC++ rN+}
   (You found it on level 3 of the Elven Halls)

   rC:        It greatly protects you from cold.
   rN:        It protects you from negative energy.
 H - a +0 pair of boots of flying (worn)
 M - a +2 pair of gloves of hurling (worn)
 P - a scarf of resistance
 X - a +0 kite shield of reflection
Jewellery
 d - an amulet of regeneration (around neck)
 j - a +4 ring of protection (right hand)
 p - the ring "Tuih" {rPois Dex+3}
   (You found it on level 1 of the Elven Halls)

   [ring of poison resistance]

   Dex:       It affects your dexterity (+3).
   rPois:     It protects you from poison.
 q - a ring of protection from cold
 I - the ring of Generosity (left hand) {Contam rElec Will+ Slay+4 SInv, =R}
   (You found it on level 3 of the Elven Halls)

   [ring of slaying]

   Slay:      It affects your accuracy & damage with ranged weapons and melee
   (+4).
   rElec:     It insulates you from electricity.
   SInv:      It lets you see invisible.
   Contam:    It causes magical contamination when unequipped.
   Will:      It increases your willpower.
 S - a ring of positive energy
 W - the ring "Zueman" {rF+ Dex+6 Slay+3}
   (You found it on level 4 of the Shoals)

   [ring of dexterity]

   Dex:       It affects your dexterity (+6).
   Slay:      It affects your accuracy & damage with ranged weapons and melee
   (+3).
   rF:        It protects you from fire.
Wands
 D - a wand of digging (7)
Scrolls
 g - 2 scrolls of blinking
 k - 3 scrolls of torment
 m - 6 scrolls of fog
 o - 5 scrolls of magic mapping
 s - 10 scrolls of fear
 y - a scroll of amnesia
 C - 5 scrolls of immolation
 E - 6 scrolls of vulnerability
 G - 10 scrolls of teleportation
 K - 2 scrolls of silence
 N - 7 scrolls of poison
 V - 2 scrolls of summoning
Potions
 h - 2 potions of berserk rage
 l - 2 potions of haste
 n - 3 potions of lignification
 t - a potion of heal wounds
 A - 9 potions of curing
 B - 6 potions of attraction
 F - 4 potions of resistance
 Q - 8 potions of ambrosia
 U - 4 potions of cancellation
 Y - 3 potions of invisibility
 Z - 3 potions of magic


   Skills:
 - Level 20.0 Fighting
 - Level 20.0 Axes
 + Level 18.9 Armour
 - Level 10.0 Dodging
 * Level 16.1 Shields
 - Level 5.3 Spellcasting
 - Level 7.8 Fire Magic
 - Level 18.0 Invocations


You had 28 spell levels left.
You knew the following spells:

 Your Spells              Type           Power      Damage    Failure   Level
a - Scorch                Fire           36%        2d6       24%         2

Your spell library contained the following spells:

 Spells                   Type           Power      Damage    Failure   Level
 Apportation              Tloc           4%         N/A       98%         1
 Beastly Appendage        Tmut           4%         N/A       98%         1
 Necrotise                Necr           8%         1d4       98%         1
 Shock                    Conj/Air       8%         1d3       98%         1
 Sting                    Tmut/Pois      8%         1d3       98%         1
 Summon Small Mammal      Summ           8%         N/A       98%         1
 Blink                    Tloc           4%         N/A       99%         2
 Ensorcelled Hibernation  Hex/Ice        4%         N/A       99%         2
 Passwall                 Tmut/Erth      1%         N/A       99%         2
 Poisonous Vapours        Pois/Air       4%         N/A       99%         2
 Call Canine Familiar     Summ           2%         N/A       100%        3
 Frozen Ramparts          Ice            4%         1d1       100%        3
 Lesser Beckoning         Tloc           2%         N/A       100%        3
 Ozocubu's Armour         Ice            2%         N/A       100%        3
 Spider Form              Tmut/Pois      2%         N/A       100%        3
 Swiftness                Air            2%         N/A       100%        3
 Vampiric Draining        Necr           2%         2d6       100%        3
 Anguish                  Hex/Necr       1%         N/A       100%        4
 Animate Armour           Summ/Erth      4%         N/A       100%        4
 Animate Dead             Necr           2%         N/A       100%        4
 Flame Wave               Conj/Fire      10%        2d6       100%        4
 Ice Form                 Ice/Tmut       2%         N/A       100%        4
 Leda's Liquefaction      Hex/Erth       1%         N/A       100%        4
 Olgreb's Toxic Radiance  Pois           2%         N/A       100%        4
 Summon Ice Beast         Ice/Summ       2%         N/A       100%        4
 Agony                    Necr           2%         N/A       100%        5
 Alistair's Intoxication  Tmut/Pois      1%         N/A       100%        5
 Blade Hands              Tmut           1%         N/A       100%        5
 Fireball                 Conj/Fire      5%         3d5       100%        5
 Freezing Cloud           Conj/Ice/Air   1%         6-21      100%        5
 Irradiate                Conj/Tmut      1%         3d12      100%        5
 Lee's Rapid Deconstruct  Erth           1%         3d5*      100%        5
 Manifold Assault         Tloc           2%         N/A       100%        5
 Summon Forest            Summ/Tloc      1%         N/A       100%        5
 Summon Mana Viper        Hex/Summ       2%         N/A       100%        5
 Conjure Ball Lightning   Conj/Air       1%         3x3d6     100%        6
 Dispersal                Tloc           1%         N/A       100%        6
 Iron Shot                Conj/Erth      1%         9d1       100%        6
 Simulacrum               Ice/Necr       1%         N/A       100%        6
 Starburst                Conj/Fire      5%         6d4       100%        6
 Statue Form              Tmut/Erth      1%         N/A       100%        6
 Summon Cactus Giant      Summ           1%         N/A       100%        6
 Dragon Form              Tmut           1%         N/A       100%        7
 Haunt                    Necr/Summ      1%         N/A       100%        7
 Ozocubu's Refrigeration  Ice            1%         4d7       100%        7
 Storm Form               Tmut/Air       1%         N/A       100%        7
 Borgnjor's Revivificati  Necr           1%         N/A       100%        8
 Discord                  Hex            1%         N/A       100%        8
 Disjunction              Tloc           1%         N/A       100%        8
 Ignition                 Fire           9%         3d5       100%        8
 Infestation              Necr           1%         N/A       100%        8
 Necromutation            Tmut/Necr      1%         N/A       100%        8
 Death's Door             Necr           1%         N/A       100%        9
 Fire Storm               Conj/Fire      5%         8d1       100%        9
 Polar Vortex             Ice            1%         N/A       100%        9


Dungeon Overview and Level Annotations

Branches:
Dungeon (15/15)            Temple (0/1) D:5            Lair (5/5) D:10
 Shoals (4/4) Lair:3       Spider (4/4) Lair:2        Slime (5/5) Lair:4
    Orc (2/2) D:12            Elf (3/3) Orc:2        Vaults (0/5) D:14
 Depths (0/4) D:15          IceCv (visited)         Gauntlet (visited)

Altars:
Cheibriados
Elyvilon
Fedhas
Gozag
Xom
Zin
Beogh
Jiyva

Shops:
D:3 =   D:12 *   Orc:2 :=:*   Elf:2 [*   Elf:3 [   Shoals:3 :   Shoals:4 ?

Annotations:
Elf:1 1 runed translucent door


Innate Abilities, Weirdness & Mutations

You can walk on water.
You are very clumsy. (Dex -4)
You do not regenerate when monsters are visible.
You are weak. (Str -2)


Message History

The acid blob barely misses you.
The azure jelly hits you but does no damage. x2
You block the azure jelly's attack. x2
You feel much better. You block the rockslime's attack.
The acid blob spits acid at you. The splash of acid hits you! You resist.
* * * LOW HITPOINT WARNING * * *
The acid corrodes you! The acid blob spits acid at you.
The splash of acid hits you! You resist.
* * * LOW HITPOINT WARNING * * *
The azure jelly closely misses you.
The azure jelly hits you but does no damage.
You block the azure jelly's attack. x2; You block the rockslime's attack.
You feel much better. The acid blob closely misses you.
You block the azure jelly's attack.
The azure jelly hits you but does no damage.
You block the azure jelly's attack.
The azure jelly hits you but does no damage.
The acid blob hits you!!
* * * LOW HITPOINT WARNING * * *
You are splashed with acid.
You resist.
* * * LOW HITPOINT WARNING * * *
The rockslime closely misses you. The acid blob completely misses you.
A rockslime comes into view.
You feel much better.
Your surroundings seem slightly different.
The acid blob attacks as you move away! You block the acid blob's attack.
The rockslime attacks as you move away! You block the rockslime's attack.
The acid blob spits acid at you. The splash of acid hits you. You resist.
The rockslime jiggles.
The rockslime attacks as you move away! The rockslime hits you!!
* * * LOW HITPOINT WARNING * * *
The acid blob spits acid at you. The splash of acid hits you! You resist.
* * * LOW HITPOINT WARNING * * *
The acid corrodes you! The rockslime closely misses you.
The rockslime hits you!!!
You die...

.................................
...........^.....................
.................................
...............#.###.#...........
...........#####.######..........
..........###!##..##[###.........
..........##$!$##.#:[!##.........
.........##/:)##..##?)$###.......
........##!=)[$.@..!}!=!###......
.......###$)|$JJ....)=![###......
........ ##??.JJ...).?)# #.......
.......#####J.........####.......
.....JJ##.J..............##......
.....J....#............#.........
.....JJ#####..........####.......
.....JJJ###=$.|....[.[)####......
......J# #!$)[......$[()##.......


You could see 2 acid blobs, an azure jelly and 3 rockslimes.

Vanquished Creatures
  the Royal Jelly (Slime:5)
  Arachne (Spider:3)
  4 orc warlords (Elf:3)
  A deep elf master archer (Elf:3)
  3 deep elf blademasters (Elf:3)
  A kraken (Shoals:4)
  9 acid blobs
  Polyphemus (Shoals:2)
  Gastronok (D:12)
  Donald (Shoals:4)
  8 azure jellies
  An emperor scorpion (Spider:4)
  4 rockslimes
  5 ghost moths
  7 deep elf sorcerers
  3 deep elf elementalists (Elf:3)
  A reaper (IceCv)
  4 quicksilver oozes
  3 deep elf demonologists (Elf:3)
  7 deep elf annihilators (Elf:3)
  3 spark wasps
  The ghost of caveywoolpert the Grappler, a journeyman TrFi of Okawaru (D:13)
  3 entropy weavers
  A minotaur (Gauntlet)
  5 deep elf death magi (Elf:3)
  The ghost of caveywoolpert the Geomancer, a journeyman DsEE of Vehumet (D:12)
  The ghost of caveywoolpert the Grappler, a journeyman TrFi of Okawaru (Lair:1)
  A merfolk javelineer (Shoals:3)
  The ghost of Discosetron the Thaumaturge, a journeyman DjAE of Makhleb (Lair:4)
  5 merfolk impalers
  4 deep elf high priests (Elf:3)
  A yaktaur captain (D:12)
  2 great orbs of eyes (Slime:5)
  Fannar (Lair:2)
  A vault guard (D:14)
  4 boulder beetles
  Erica (Lair:2)
  8 hydras
  A radroach (Spider:1)
  2 catoblepae
  2 satyrs (Shoals:4)
  8 two-headed ogres
  9 death yaks
  12 dancing weapons
  2 merfolk aquamancers (Shoals:4)
  2 merfolk avatars
  Sonja (Lair:1)
  A sun moth (Spider:1)
  3 pharaoh ants
  12 deep elf knights
  3 skeletal warriors (D:15)
  6 sea snakes
  2 orb spiders
  A swamp dragon (Lair:5)
  A kraken simulacrum (Shoals:4)
  4 steelbarb worms
  A wizard (D:15)
  12 deep elf archers
  8 harpies
  24 deep elf pyromancers
  2 orc knights
  13 deep elf zephyrmancers
  6 ugly things
  4 shining eyes
  An oklob plant (D:8)
  5 orc sorcerers
  9 wolf spiders
  3 cyclopes
  8 manticores
  2 fauns (Shoals:1)
  Maurice (D:10)
  6 elephants
  3 black mambas
  10 merfolk sirens
  2 moths of wrath
  3 ice statues
  A molten gargoyle (Gauntlet)
  An eye of devastation (Slime:3)
  A torpor snail (Lair:4)
  11 cane toads
  3 gargoyles
  6 demonic crawlers
  Maggie (D:9)
  An unseen horror (D:13)
  2 centaur skeletons (D:15)
  2 anaconda simulacra (IceCv)
  3 rime drakes
  An efreet (D:13)
  3 freezing wraiths
  A kobold demonologist (D:12)
  9 komodo dragons
  8 ice devils
  3 polar bears
  11 merfolk
  A queen bee (Lair:1)
  A meliai (Lair:2)
  2 wind drakes (Shoals:4)
  81 slime creatures
  24 blink frogs
  6 trolls
  6 dream sheep
  8 hornets
  6 tarantellas
  A slime creature (shapeshifter) (D:12)
  5 snapping turtles
  A spectral black mamba (Lair:4)
  11 jumping spiders
  3 water elementals
  4 dire elephant simulacra (IceCv)
  A shadow (D:9)
  6 culicivoras
  3 wyverns
  3 wraiths
  A centaur simulacrum (D:15)
  2 basilisks
  A spriggan (shapeshifter) (Elf:2)
  4 fire elementals
  A spectral komodo dragon (Lair:4)
  41 yaks
  Grum (D:9)
  10 golden eyes
  25 redbacks
  2 steam dragons
  A death yak simulacrum (Lair:4)
  7 vampire mosquitoes
  2 wargs
  A harpy simulacrum (IceCv)
  2 acid dragons
  14 water moccasins
  3 hydra simulacra (IceCv)
  2 black bears
  A sky beast (D:6)
  A swamp drake (Lair:5)
  14 orc warriors
  2 ice beasts (D:7)
  2 black mamba simulacra (Lair:4)
  7 wolves
  5 ogres
  5 centaurs
  A phantom (D:5)
  A kobold brigand (D:7)
  8 bullfrogs
  2 cane toad simulacra
  2 earth elementals
  4 scorpions
  2 necrophages (D:6)
  9 wights (D:10)
  5 jellies
  A dream sheep simulacrum (Lair:4)
  An oklob sapling (D:8)
  32 killer bees
  2 electric eels
  8 howler monkeys
  The ghost of zurenarrh the Sneak, a weakling SpBr (D:3)
  A gnoll bouda (D:4)
  A hound (D:6)
  5 orc priests
  7 orc wizards
  Ijyb (D:5)
  8 iguanas
  A troll simulacrum (IceCv)
  A wolf simulacrum (IceCv)
  A scorpion simulacrum (D:3)
  17 adders
  9 gnolls
  A hound simulacrum (D:3)
  3 white imps
  2 ufetubi
  3 worms
  2 adder simulacra (D:3)
  29 orcs
  12 endoplasms
  A giant cockroach (D:3)
  8 goblins
  8 hobgoblins
  9 jackals
  12 kobolds
  4 quokkas
  9 ball pythons
  A ball python simulacrum (D:3)
  2 bats (D:1)
  2 frilled lizards
  6 rats
  A bush (D:8)
  4 tentacles
953 creatures vanquished.

Vanquished Creatures (collateral kills)
  Saint Roka (Orc:2)
  A deep elf blademaster (Elf:2)
  The ghost of NeverExisted the Warrior, an adept MiBe of Trog (Shoals:4)
  Mlioglotl (Shoals:2)
  A deep elf master archer (Elf:3)
  A kraken (Shoals:2)
  Frances (Spider:2)
  12 acid blobs
  Ilsuiw (Shoals:2)
  2 azure jellies
  A rockslime (Slime:2)
  5 deep elf sorcerers (Elf:3)
  Louise (Shoals:1)
  Aizul (Elf:2)
  2 emperor scorpions
  4 quicksilver oozes
  A broodmother (Spider:4)
  3 deep elf elementalists (Elf:3)
  The ghost of zhorgal the Brawler, a journeyman TrBe of Trog (Lair:5)
  The ghost of Seraphu the Bludgeoner, a journeyman GrFi of Qazlal (Orc:2)
  The ghost of GitaneMais the Tortoise, a journeyman GrFi of the Shining One (Orc:2)
  An entropy weaver (Spider:2)
  3 deep elf demonologists (Elf:3)
  A deep elf annihilator (Elf:3)
  The ghost of dohliylev the Brawler, a journeyman TrBe of Trog (Orc:2)
  2 merfolk impalers
  A deep elf death mage (Elf:1)
  2 merfolk javelineers (Shoals:4)
  2 deep elf high priests (Elf:3)
  A fire dragon (Lair:5)
  Erolcha (Orc:2)
  A great orb of eyes (Slime:5)
  A hydra (D:12)
  A boulder beetle (Spider:2)
  2 catoblepae
  3 centaur warriors
  A radroach (Spider:4)
  2 jorogumos (Spider:4)
  3 death yaks (Shoals:2)
  12 dancing weapons
  2 two-headed ogres
  An orc high priest (Orc:2)
  5 deep elf knights
  2 sun moths
  2 sea snakes
  A steelbarb worm (Spider:2)
  2 pharaoh ants
  10 deep elf archers
  5 orb spiders (Spider:4)
  18 deep elf zephyrmancers
  A necromancer (D:15)
  2 harpies (Shoals:3)
  5 wolf spiders
  12 deep elf pyromancers
  7 fauns
  2 shining eyes (Slime:2)
  An orc sorcerer (Orc:2)
  3 manticores
  2 cyclopes
  A moth of wrath (Spider:2)
  A merfolk siren (Shoals:2)
  A water nymph (Shoals:4)
  3 eyes of devastation
  2 torpor snails
  A komodo dragon (shapeshifter) (Elf:2)
  3 demonic crawlers
  4 rime drakes (Lair:5)
  10 merfolk
  2 trolls (Orc:2)
  A wind drake (Shoals:3)
  2 hornets
  2 blink frogs (Lair:5)
  3 tarantellas
  67 slime creatures
  A blink frog (shapeshifter) (Elf:1)
  A snapping turtle (Shoals:4)
  2 air elementals
  7 dream sheep
  18 jumping spiders
  A culicivora (shapeshifter) (D:15)
  A shadow (D:13)
  2 water elementals (Shoals:4)
  5 culicivoras
  A wyvern (Lair:5)
  A basilisk (Lair:5)
  7 golden eyes
  3 yaks (Lair:5)
  30 redbacks
  A steam dragon (Lair:5)
  A vampire mosquito (D:13)
  5 wargs
  14 orc warriors
  A swamp drake (Lair:5)
  2 ogres (Orc:2)
  5 centaurs (Orc:2)
  A killer bee (Lair:1)
  3 electric eels
  5 orc priests (Orc:2)
  An iguana (Lair:5)
  6 orc wizards
  16 orcs
  An endoplasm (Slime:3)
  2 tentacles (Shoals:4)
414 creatures vanquished.

Vanquished Creatures (others)
  Nikola (Spider:1)
  An emperor scorpion (Spider:3)
  A deep elf elementalist (Elf:3)
  2 orc warlords
  3 orc high priests
  3 deep elf knights
  3 orc sorcerers
  A skeletal warrior (D:15)
  2 deep elf zephyrmancers
  5 orc knights
  4 deep elf pyromancers
  2 orc wizards
  A culicivora (Spider:4)
  25 orc warriors
  A water elemental (Elf:1)
  A centaur (Orc:2)
  13 orc priests
  37 orcs
  2 demonic plants (Gauntlet)
  28 fungi
  209 plants
  16 tentacles
  4 withered plants (Orc:2)
365 creatures vanquished.

Grand Total: 1732 creatures vanquished

Notes
Turn   | Place    | Note
-------+----------+-------------------------------------------
     0 | D:1      | ElMinstaer the Hill Orc Fighter began the quest for the
                  | Orb.
     0 | D:1      | Reached XP level 1. HP: 19/19 MP: 1/1
   226 | D:1      | Reached XP level 2. HP: 27/27 MP: 2/2
   360 | D:1      | Found a faded altar of an unknown god.
   755 | D:1      | Reached XP level 3. HP: 34/34 MP: 3/3
  1400 | D:2      | Reached XP level 4. HP: 41/41 MP: 4/4
  1659 | D:2      | Identified the +4 dagger of Stickiness {vorpal, SInv}
  1985 | D:3      | Noticed zurenarrh's ghost (weakling SpBr)
  2063 | D:3      | Found a runed translucent gate.
  2063 | D:3      | Found a runed translucent gate.
  2063 | D:3      | Found a runed translucent gate.
  2078 | D:3      | Found a snail-covered altar of Cheibriados.
  2123 | D:3      | Reached skill level 5 in Fighting
  2496 | D:3      | Identified the +2 short sword of the Seer {holy, rElec MP-9
                  | Int+9 Stlth+}
  2759 | D:3      | Found Sacil's Jewellery Shop.
  3062 | D:4      | Reached skill level 5 in Axes
  3062 | D:4      | Reached XP level 5. HP: 47/48 MP: 5/5
  3501 | D:4      | Reached XP level 6. HP: 51/57 MP: 6/6
  3753 | D:5      | Entered Level 5 of the Dungeon
  3959 | D:5      | Found a staircase to the Ecumenical Temple.
  4037 | D:5      | Noticed Ijyb
  4049 | D:5      | Killed Ijyb
  4098 | D:5      | Came close to dying.
  4284 | D:5      | Noticed a black bear
  4296 | D:5      | Killed a black bear
  4297 | D:5      | Reached XP level 7. HP: 40/64 MP: 7/7
  5213 | D:6      | Noticed a steam dragon
  5233 | D:6      | HP: 2/66 [steam dragon/ball of steam (11)]
  5237 | D:6      | Killed a steam dragon
  5240 | D:6      | Reached XP level 8. HP: 41/74 MP: 8/8
  5516 | D:6      | Found a blossoming altar of Fedhas.
  5865 | D:7      | Became a worshipper of Beogh the Brigand
  6262 | D:7      | Reached skill level 10 in Axes
  6459 | D:6      | Reached XP level 9. HP: 85/85 MP: 9/9
  6590 | D:7      | Noticed a hornet
  6601 | D:7      | Killed a hornet
  6602 | D:7      | Reached skill level 10 in Fighting
  7717 | D:8      | Noticed a two-headed ogre
  7724 | D:8      | Killed a two-headed ogre
  7972 | D:8      | Reached XP level 10. HP: 44/97 MP: 10/10
  8030 | D:8      | Reached * piety under Beogh
  8589 | D:8      | Got the Compendium of Nature
  8801 | D:3      | Killed zurenarrh's ghost
  8946 | D:9      | Noticed a manticore
  9132 | D:9      | Found a shimmering altar of Xom.
  9149 | D:9      | Noticed a two-headed ogre
  9158 | D:9      | Killed a two-headed ogre
  9159 | D:9      | Noticed Maggie
  9366 | D:9      | Killed Maggie
  9657 | D:9      | Noticed a two-headed ogre
  9665 | D:9      | Killed a two-headed ogre
  9666 | D:9      | Reached skill level 15 in Axes
 10078 | D:9      | Noticed Grum
 10089 | D:9      | Killed Grum
 10167 | D:10     | Entered Level 10 of the Dungeon
 10204 | D:10     | Reached skill level 5 in Armour
 10227 | D:10     | Reached XP level 11. HP: 96/104 MP: 11/11
 10230 | D:10     | Reached ** piety under Beogh
 10530 | D:10     | Noticed Maurice
 10576 | D:10     | Killed Maurice
 10830 | D:10     | Noticed a two-headed ogre
 10838 | D:10     | Killed a two-headed ogre
 11017 | D:10     | Noticed a two-headed ogre
 11034 | D:10     | Killed a two-headed ogre
 11035 | D:10     | Reached skill level 10 in Armour
 11113 | D:10     | Found a staircase to the Lair.
 11436 | D:11     | Noticed a two-headed ogre
 11444 | D:11     | Killed a two-headed ogre
 12288 | D:12     | Noticed a cyan ugly thing
 12308 | D:12     | Killed a cyan ugly thing
 12517 | D:12     | Found a staircase to the Orcish Mines.
 12523 | D:12     | Noticed a cyan ugly thing
 12545 | D:12     | Noticed a boulder beetle
 12547 | D:12     | Killed a cyan ugly thing
 12551 | D:12     | Noticed a sixfirhy
 12569 | D:12     | Reached skill level 5 in Invocations
 12579 | D:12     | Killed a boulder beetle
 12580 | D:12     | Reached XP level 12. HP: 52/115 MP: 9/16
 12867 | D:12     | Noticed Gastronok
 12876 | D:12     | Killed Gastronok
 12978 | D:12     | Noticed a two-headed ogre
 12983 | D:12     | Noticed a five-headed hydra
 13422 | D:13     | Noticed a boulder beetle
 13438 | D:13     | Killed a boulder beetle
 13758 | Lair:1   | Entered Level 1 of the Lair of Beasts
 13758 | Lair:1   | Noticed Sonja
 13759 | Lair:1   | Sonia {Distort} at Lair entrance...
 13760 | Lair:1   | Killed Sonja
 14281 | Lair:1   | Found a transporter.
 14281 | Lair:1   | Found a transporter.
 14282 | Lair:1   | Noticed caveywoolpert's ghost (journeyman TrFi)
 14696 | Lair:2   | Noticed a four-headed hydra
 14723 | Lair:2   | Killed a four-headed hydra
 14728 | Lair:2   | Reached skill level 10 in Invocations
 14749 | Lair:2   | Found a hole to the Spider Nest.
 14780 | Lair:2   | Found a frozen archway.
 14787 | Lair:2   | Reached skill level 15 in Fighting
 14824 | IceCv    | Entered an ice cave
 15238 | IceCv    | Reached XP level 13. HP: 127/127 MP: 21/21
 16117 | IceCv    | Noticed a reaper
 16140 | IceCv    | Killed a reaper
 17095 | D:12     | Reached skill level 5 in Shields
 17475 | D:12     | Found a runed translucent gate.
 17475 | D:12     | Found a runed translucent gate.
 17475 | D:12     | Found a runed translucent gate.
 17528 | D:12     | Found Syprirgh's Assorted Antiques.
 17528 | D:12     | Found an opulent altar of Gozag.
 17529 | D:12     | Noticed a yaktaur captain
 17529 | D:12     | Noticed caveywoolpert's ghost (journeyman DsEE)
 18321 | D:3      | Bought an amulet of regeneration for 300 gold pieces
 18526 | Lair:2   | Noticed Fannar
 18560 | Lair:2   | Killed Fannar
 18987 | Lair:2   | Noticed Erica
 19004 | Lair:2   | Killed Erica
 19401 | Lair:3   | Found a staircase to the Shoals.
 19420 | Shoals:1 | Entered Level 1 of the Shoals
 19480 | Lair:3   | Found a gate leading to a gauntlet.
 19488 | Gauntlet | Entered a Gauntlet
 19488 | Gauntlet | Found a transporter.
 19488 | Gauntlet | Found a transporter.
 19490 | Gauntlet | Found a transporter.
 19491 | Gauntlet | Found a transporter.
 19494 | Gauntlet | Found a transporter.
 19494 | Gauntlet | Found a transporter.
 19526 | Gauntlet | Found a transporter.
 19530 | Gauntlet | Found a transporter.
 19533 | Gauntlet | Noticed a great orb of eyes
 19538 | Gauntlet | Found a transporter.
 19631 | Gauntlet | Found a transporter.
 19636 | Gauntlet | Found a transporter.
 19676 | Gauntlet | Found a runed translucent door.
 19680 | Gauntlet | Found a runed translucent door.
 19719 | Gauntlet | Found a transporter.
 19749 | Gauntlet | Reached *** piety under Beogh
 19794 | Gauntlet | Noticed a minotaur
 19808 | Gauntlet | Killed a minotaur
 20218 | Lair:3   | Reached XP level 14. HP: 137/137 MP: 23/23
 20705 | Lair:4   | Found a runed translucent gate.
 20706 | Lair:4   | Found a runed translucent gate.
 20706 | Lair:4   | Found a runed translucent gate.
 20713 | Lair:4   | Noticed Discosetron's ghost (journeyman DjAE)
 20728 | Lair:4   | Found a runed translucent door.
 20733 | Lair:4   | Found a staircase to the Slime Pits.
 20756 | Lair:4   | Reached **** piety under Beogh
 21097 | Lair:4   | Identified the +4 quarterstaff of Famine {holy, Will+ Dex+6
                  | SInv}
 21460 | Lair:4   | Killed Discosetron's ghost
 21696 | Lair:5   | Entered Level 5 of the Lair of Beasts
 21769 | Lair:4   | Reached ***** piety under Beogh
 22162 | Lair:5   | Found a runed translucent door.
 22601 | Lair:5   | Reached XP level 15. HP: 149/149 MP: 24/24
 22680 | Lair:5   | Noticed zhorgal's ghost (journeyman TrBe)
 22704 | Lair:5   | Killed zhorgal's ghost
 23380 | Lair:1   | Killed caveywoolpert's ghost
 23825 | D:12     | Noticed a frost giant
 23825 | D:12     | a frost giant changed into an iron troll
 24154 | D:12     | Killed caveywoolpert's ghost
 24277 | Orc:1    | Entered Level 1 of the Orcish Mines
 24471 | Orc:2    | Entered Level 2 of the Orcish Mines
 24584 | Orc:2    | Gained Beowulf as an ally
 24612 | Orc:2    | Noticed Erolcha
 24627 | Orc:2    | Killed Erolcha
 24657 | Orc:2    | Gained Nordag as an ally
 24686 | Orc:2    | Found Neewahul's Book Shop.
 24686 | Orc:2    | Found Iqieres's Jewellery Emporium.
 24686 | Orc:2    | Found Ryhu's Book Shoppe.
 24689 | Orc:2    | Found Wijyibb's General Store.
 24744 | Orc:2    | Gained Oruk as an ally
 24747 | Orc:2    | Your ally Oruk died
 24750 | Orc:2    | Your ally Nordag died
 24758 | Orc:2    | Noticed Saint Roka
 24763 | Orc:2    | Gained Warrok as an ally
 24778 | Orc:2    | Killed Saint Roka
 24927 | Orc:2    | Found a runed translucent gate.
 24927 | Orc:2    | Found a runed translucent gate.
 24927 | Orc:2    | Found a runed translucent gate.
 24928 | Orc:2    | Noticed dohliylev's ghost (journeyman TrBe)
 24928 | Orc:2    | Noticed Seraphu's ghost (journeyman GrFi)
 24929 | Orc:2    | Noticed GitaneMais's ghost (journeyman GrFi)
 24930 | Orc:2    | Found the +7 mace of Variability {chain chaos}
 25007 | Orc:2    | Found a staircase to the Elven Halls.
 25116 | Orc:2    | Found a roughly hewn altar of Beogh.
 25182 | Orc:2    | Reached ****** piety under Beogh
 25424 | Orc:2    | Killed Seraphu's ghost
 25428 | Orc:2    | Killed GitaneMais's ghost
 25430 | Orc:2    | Killed dohliylev's ghost
 25649 | Orc:1    | Noticed an orc warlord
 25700 | Orc:1    | Found a roughly hewn altar of Beogh.
 26202 | Spider:1 | Entered Level 1 of the Spider Nest
 26535 | Spider:1 | Noticed Nikola
 26547 | Spider:1 | Killed Nikola
 26547 | Spider:1 | Your ally Beowulf died
 26964 | Spider:2 | Noticed Frances
 26973 | Spider:2 | Killed Frances
 27015 | Spider:2 | Reached XP level 16. HP: 80/160 MP: 24/26
 27973 | Spider:3 | Noticed Arachne
 27998 | Spider:3 | Killed Arachne
 28040 | Spider:3 | Your ally Warrok died
 28144 | Spider:3 | Reached skill level 15 in Invocations
 29109 | Spider:4 | Entered Level 4 of the Spider Nest
 30200 | Spider:4 | Reached skill level 15 in Armour
 30327 | Spider:4 | Got a gossamer rune of Zot
 30595 | D:13     | Identified the +4 ring mail of Ijeiruaf {Fly Str+4}
 30791 | D:13     | Found a runed translucent door.
 30793 | D:13     | Noticed caveywoolpert's ghost (journeyman TrFi)
 30810 | D:13     | Killed caveywoolpert's ghost
 30818 | D:13     | Identified the +6 war axe of Profit {vorpal, Will+ rCorr
                  | Dex+6}
 31165 | Orc:2    | Bought a scroll of identify for 30 gold pieces
 31175 | Orc:2    | Bought a scroll of magic mapping for 112 gold pieces
 31175 | Orc:2    | Bought a potion of haste for 150 gold pieces
 31374 | D:3      | Bought a ring of willpower for 250 gold pieces
 31614 | Elf:1    | Entered Level 1 of the Elven Halls
 31614 | Elf:1    | Found a runed translucent gate.
 31614 | Elf:1    | Found a runed translucent gate.
 31614 | Elf:1    | Found a runed translucent gate.
 31614 | Elf:1    | Found a runed translucent gate.
 31614 | Elf:1    | Found a runed translucent gate.
 31614 | Elf:1    | Found a runed translucent gate.
 31852 | Elf:1    | Found a runed translucent door.
 31858 | Elf:1    | Reached XP level 17. HP: 170/170 MP: 27/29
 31860 | Elf:1    | Found a runed translucent door.
 31933 | Elf:1    | Identified the ring "Tuih" {rPois Dex+3}
 31960 | Elf:1    | Gained Olfik as an ally
 32170 | Elf:1    | Reached skill level 1 in Dodging
 32489 | Elf:1    | Gained Gorg as an ally
 32632 | Elf:1    | Got the Incunable of Conjury and the Union
 32813 | Elf:1    | Your ally Olfik died
 33498 | Elf:2    | Found Xeagoimi's General Store.
 33513 | Elf:2    | Bought a scroll of identify for 32 gold pieces
 33631 | Elf:1    | Your ally Gorg died
 33842 | Elf:2    | Your ally Olfik died
 34091 | Elf:2    | Found Qaufin's Armour Shop.
 34348 | Elf:2    | Found a runed translucent gate.
 34348 | Elf:2    | Found a runed translucent gate.
 34348 | Elf:2    | Found a runed translucent gate.
 34375 | Elf:2    | Reached skill level 10 in Shields
 34539 | Elf:2    | Noticed Aizul
 34562 | Elf:2    | Killed Aizul
 34634 | Elf:2    | Reached skill level 5 in Dodging
 34955 | Elf:2    | Noticed a deep elf blademaster
 34959 | Elf:2    | Killed a deep elf blademaster
 34960 | Elf:2    | Reached XP level 18. HP: 103/178 MP: 28/31
 35387 | Elf:3    | Entered Level 3 of the Elven Halls
 35881 | Elf:3    | Noticed a deep elf blademaster
 35882 | Elf:3    | Was placed under penance by Beogh
 36179 | Elf:3    | Killed a deep elf blademaster
 36608 | Elf:3    | Found Isec Tits's Armour Shoppe.
 36776 | Elf:3    | Noticed a deep elf master archer
 36806 | Elf:3    | Killed a deep elf master archer
 36866 | Elf:3    | Noticed a Hell Sentinel
 36884 | Elf:3    | Identified the +6 great sword of Yeast {elec, rF+ rC+
                  | Int+2}
 36924 | Elf:3    | Reached skill level 10 in Dodging
 36948 | Elf:3    | Noticed a deep elf blademaster
 36966 | Elf:3    | Killed a deep elf blademaster
 37041 | Elf:3    | Noticed a deep elf blademaster
 37048 | Elf:3    | Reached skill level 1 in Fire Magic
 37058 | Elf:3    | Killed a deep elf blademaster
 37059 | Elf:3    | Reached skill level 1 in Spellcasting
 37207 | Elf:3    | Was forgiven by Beogh
 37250 | Elf:3    | Identified the +6 scale mail "Soimoun" {rPois Will+}
 37250 | Elf:3    | Noticed a deep elf master archer
 37262 | Elf:3    | Killed a deep elf master archer
 37420 | Elf:3    | Gained Worak as an ally
 37432 | Elf:3    | Gained Wardok as an ally
 37447 | Elf:3    | Your ally Wardok died
 37511 | Elf:3    | Found the +5 glaive of the Guard {elec, spectral, AC+5}
 37518 | Elf:3    | Identified the +1 plate armour "Pohyjyso" {rC++ rN+}
 37634 | Elf:3    | Got the Writings on Conflagration
 37656 | Elf:3    | Identified the ring of Generosity {Contam rElec Will+
                  | Slay+4 SInv}
 37691 | Elf:3    | Identified the +1 ring mail of Recra {Harm rCorr MP-9
                  | Dex+8}
 39035 | Shoals:1 | Noticed Louise
 39053 | Shoals:1 | Killed Louise
 39067 | Shoals:1 | Gained Margrim as an ally
 39099 | Shoals:1 | Identified the +1 leather armour "Xuaxot" {rC+++ Regen+
                  | Str-4 Int+5}
 39525 | Shoals:2 | Noticed Ilsuiw
 39543 | Shoals:2 | Killed Ilsuiw
 39703 | Shoals:2 | Noticed Mlioglotl
 39716 | Shoals:2 | Killed Mlioglotl
 39940 | Shoals:2 | Reached XP level 19. HP: 185/185 MP: 32/32
 39954 | Shoals:2 | Noticed Polyphemus
 39966 | Shoals:2 | Killed Polyphemus
 40524 | Shoals:3 | Reached XP level 20. HP: 184/193 MP: 33/33
 40612 | Shoals:3 | Found Tedwoiwn's Book Emporium.
 40929 | Shoals:3 | HP: 8/193 [merfolk javelineer/silver javelin (5)]
 41328 | Shoals:4 | Entered Level 4 of the Shoals
 41406 | Shoals:4 | Identified the +1 plate armour "Jeosm" {*Corrode rC+ Str+6}
 41510 | Shoals:4 | Found Kaymoe Onoac's Magic Scroll Shop.
 41527 | Shoals:4 | Bought a scroll of vulnerability for 72 gold pieces
 41527 | Shoals:4 | Bought a scroll of enchant weapon for 135 gold pieces
 41527 | Shoals:4 | Bought a scroll of blinking for 135 gold pieces
 41527 | Shoals:4 | Bought a scroll of teleportation for 54 gold pieces
 41527 | Shoals:4 | Bought a scroll of magic mapping for 135 gold pieces
 41837 | Shoals:4 | Your ally Margrim died
 41857 | Shoals:4 | Reached skill level 5 in Spellcasting
 42069 | Shoals:4 | Noticed Donald
 42093 | Shoals:4 | Killed Donald
 42298 | Shoals:4 | Identified the ring "Zueman" {rF+ Dex+6 Slay+3}
 42373 | Shoals:4 | Got a barnacled rune of Zot
 42395 | Shoals:4 | Identified the ring "Jiaqell" {rF+ rN+}
 42405 | Shoals:4 | Found a transporter.
 42407 | Shoals:4 | Found a transporter.
 42413 | Shoals:4 | Noticed NeverExisted's ghost (adept MiBe)
 42688 | Shoals:4 | Killed NeverExisted's ghost
 43186 | D:14     | Found a gate to the Vaults.
 43257 | D:14     | Found a glowing silver altar of Zin.
 43699 | D:15     | Entered Level 15 of the Dungeon
 43991 | D:15     | Found a staircase to the Depths.
 44172 | D:15     | Found a white marble altar of Elyvilon.
 44364 | D:15     | Learned a level 2 spell: Scorch
 44549 | Slime:1  | Entered Level 1 of the Pits of Slime
 45434 | Slime:2  | Gained mutation: You are clumsy. (Dex -2) [a shining eye]
 45836 | Slime:3  | Gained mutation: You are weak. (Str -2) [a shining eye]
 45844 | Slime:3  | Gained mutation: You do not regenerate when monsters are
                  | visible. [a shining eye]
 46036 | Slime:2  | Reached XP level 21. HP: 201/201 MP: 34/34
 46131 | Slime:1  | Gained mutation: You are very clumsy. (Dex -4) [a shining
                  | eye]
 47232 | Slime:5  | Entered Level 5 of the Pits of Slime
 47575 | Slime:5  | Reached skill level 15 in Shields
 48318 | Slime:5  | Noticed the Royal Jelly
 48327 | Slime:5  | Your ally Worak died
 48702 | Slime:5  | Found a viscous altar of Jiyva.
 48792 | Slime:5  | Found the +3 pair of seven-league boots {Rampage+∞}
 49137 | Slime:5  | Killed the Royal Jelly
 49146 | Slime:5  | Slain by a rockslime

Illustrated notes

.####.............###.##
## #.........##.......# #
#............###.. .
#........#.#>....#### #
#........#.....#.....
##########.^.....#.......
....######.####[.....?...
....##.......†[..).#....
....##.#####<...@........
....#..# ####.....#....
......## #...........
.....## #...........
............ ............
......#######...?.###....
.###.... ...#... .... .#
#..... .>#.#.##. .. #
###....####. .. #.


Turn 4098 on D:5: Came close to dying. #...........## .............#.
#......~......# ##..~~~~~~~..#. #...~≈≈≈≈≈~...# ##.~~~~≈≈≈~~... ..~≈~~..~≈≈~..#
...~~~~@.≈≈~~.# ...~≈≈..~~~~..# F.~~≈≈~~~≈~~.## ...~~~≈≈≈≈~..# ...~.~~≈~~..##
.K.....~~..## ...######... ..# #... Turn 13759 on Lair:1: Sonia {Distort} at
Lair entrance...

Levels and vault maps discovered:
D:1:      shiori_shiawase, layout_basic,
          dreamdust_ecumenical_altar_angels_and_demons, minivault_5
D:2:      layout_basic, minmay_pentomino_q2
D:3:      layout_basic, mainiacjoe_overflow_brackets, serial_shops, shop,
          gammafunk_ghost_icy
D:4:      layout_basic
D:5:      layout_rooms, minmay_temple_entry_large_hall,
          nicolae_figureground_sparkle, uniq_ijyb
D:6:      layout_gridville, fedhas_ov_isle_minmay, small_statue_intersection
D:7:      layout_gridville
D:8:      layout_rooms, introduction_to_nature_2
D:9:      layout_loops_ring, xom_butterflies, hangedman_abyss_or_decor_passed,
          uniq_maggie, uniq_grum
D:10:     layout_rooms, grunt_lair_entry_orc_guard_hut, uniq_maurice
D:11:     layout_gridville, columned_hall_lemuel, minmay_hedge_maze
D:12:     layout_layer_cave, orc_0_dummy, ebering_ghost_gozag,
          nzn_sisyphean_effort, uniq_gastronok
D:13:     layout_roguey, ebering_ghost_reflecting_pool
D:14:     layout_basic, david_vaults_4, zin_academy
D:15:     grunt_enter_depths_magical_seal, layout_rooms,
          nicolae_elyvilon_peaceful_grove, minmay_misc_feat_encased
Lair:1:   layout_cave_pods, gammafunk_ghost_hive, infiniplex_staircase_pool_2,
          uniq_sonja
Lair:2:   layout_cave_pods, hellmonk_spider_entry_not_the_bees,
          portal_ice_cave_demonic_guard, minivault_26, serial_bayou_lagoon_a,
          lemuel_fruit_fields, uniq_fannar, uniq_erica
Lair:3:   layout_regular_city, minmay_shoals_entry_hut, gauntlet_entry_generic,
          minivault_23
Lair:4:   layout_loops_ring, slime_entry_2, gammafunk_ghost_necromancy
Lair:5:   guppyfry_lair_end_dragon, layout_gridlike, gammafunk_ghost_grave,
          st_stairs_7, chequers_serial_rivers_small_b, serial_bayou_pond_a,
          nicolae_lair_grazing_beasts [nicolae_sub_lair_graze_edge,
          nicolae_sub_lair_graze_edge, nicolae_sub_lair_graze_edge,
          nicolae_sub_lair_graze_edge]
Shoals:1: layout_shoals, uniq_louise
Shoals:2: layout_shoals, uniq_ilsuiw, uniq_polyphemus, uniq_mlioglotl
Shoals:3: layout_shoals, serial_shops, nicolae_shop_crystal,
          nicolae_shoals_hunting_party
Shoals:4: shoals_end_grunt_ice, layout_shoals, ebering_ghost_davey_jones,
          serial_shops, shop, nicolae_shoals_shepherds, uniq_donald
Spider:1: layout_spider_delve, hangedman_spider_tarantella_strand, uniq_nikola
Spider:2: layout_spider_delve, uniq_frances
Spider:3: layout_chambers, nicolae_spider_wall_of_niches, uniq_arachne
Spider:4: spider_rune_water
Slime:1:  nicolae_slime_pool, layout_caves
Slime:2:  layout_caves
Slime:3:  layout_caves, nicolae_slime_welcoming_committee
Slime:4:  layout_caves, cheibrodos_slime_lost_civilization_7
Slime:5
Orc:1:    layout_caves, minmay_orc_temple_c
Orc:2:    st_orc_rangers, layout_caves, gammafunk_ghost_cemetery,
          kennysheep_orc_chapel, uniq_saint_roka, uniq_erolcha
Elf:1:    nicolae_elf_arrival_dilemma, layout_gridlike, serial_glass,
          glass_columns_a, glass_columns_b, feat_on_display, item_on_display_a,
          item_on_display_a, feat_on_display, minmay_elf_sorcery
Elf:2:    elven_hall_of_blades_hangedman_original
          [nicolae_blade_entry_hurt_lockers], layout_loops_cross, serial_shops,
          shop, minmay_shop_star, uniq_aizul
Elf:3:    minmay_elf_hall_four_x, layout_gridlike, serial_shops,
          nicolae_lakefront_shop

Skill      XL: |  1  2  3  4  5  6  7  8  9 10 11 12 13 14 15 16 17 18 19 20 21 |
---------------+----------------------------------------------------------------+-----
Axes           | 3 4 5 6 8 10 12 16 19 20 | 20.0
Fighting       | 4 5 6 7 9 11 12 13 15 16 18 19 20 | 20.0
Armour         | 4 5 10 12 13 15 16 18 | 18.9
Shields        | 4 8 10 13 16 | 16.1
Invocations    | 5 11 12 14 17 18 | 18.0
Dodging        | 6 10 | 10.0
Fire Magic     | 4 6 7 |  7.8
Spellcasting   | 3 4 5 |  5.3

Action                   |  1- 3 |  4- 6 |  7- 9 | 10-12 | 13-15 | 16-18 | 19-21 || total
-------------------------+-------+-------+-------+-------+-------+-------+-------++-------
Melee: War axe           |   112 |   189 |   241 |   565 |   889 |   723 |   757 ||  3476
       Trident           |       |       |       |       |    53 |       |       ||    53
       Halberd           |       |       |       |       |     1 |       |       ||     1
       Punch             |       |       |       |       |     1 |       |       ||     1
       Battleaxe         |       |       |       |       |   120 |   308 |       ||   428
Throw: Dart              |       |       |     3 |    19 |       |       |       ||    22
       Boomerang         |       |       |       |       |     4 |     4 |       ||     8
       Throwing net      |       |       |       |       |     1 |       |       ||     1
Invok: Convert to Beogh  |       |       |     1 |       |       |       |       ||     1
       Smiting           |       |       |       |    11 |    18 |    10 |    16 ||    55
       Recall Orcish Fol |       |       |       |       |    14 |    16 |     9 ||    39
       Give Item to Name |       |       |       |       |     1 |     1 |     1 ||     3
       Stop Recall       |       |       |       |       |     1 |       |       ||     1
       Resurrection      |       |       |       |       |       |     2 |       ||     2
Evoke: Phantom mirror    |       |       |       |       |     1 |       |       ||     1
  Use: Scroll            |       |     4 |     2 |    10 |     5 |    11 |     5 ||    37
       Potion            |       |     3 |     7 |     4 |    11 |    12 |     6 ||    43
 Stab: Held in net/web   |       |       |       |       |     1 |       |       ||     1
       Distracted        |       |       |       |       |     2 |     8 |     9 ||    19
       Confused          |       |       |       |       |     1 |     1 |       ||     2
       Invisible         |       |       |       |       |     2 |       |       ||     2
       Petrified         |       |       |       |       |       |       |     7 ||     7
Armor: Scale mail        |    49 |    80 |    94 |    20 |       |       |       ||   243
       Plate armour      |       |       |       |   176 |   539 |   567 |   481 ||  1763
       Chain mail        |       |       |       |    24 |    83 |       |       ||   107
       Skin              |       |       |       |       |    23 |       |       ||    23
Dodge: Dodged            |    51 |    82 |   168 |   156 |   259 |   308 |   291 ||  1315
Block: Buckler           |    22 |    47 |    64 |    83 |   160 |   155 |    32 ||   563
       Kite shield       |       |       |       |       |       |       |   272 ||   272
       Tower shield      |       |       |       |       |       |       |   204 ||   204
       Reflection        |       |       |       |       |       |       |     9 ||     9
